[Event "Early-Titled-Tuesday-Blitz-October-03-2023"]
[Site "Chess.com"]
[Date "2023.10.03"]
[Round "4"]
[White "Sergey85Rodchenkov"]
[Black "novocane"]
[Result "1-0"]
[WhiteElo "2522"]
[BlackElo "2353"]
[TimeControl "180+1"]
[EndTime "8:39:46 PDT"]
[Termination "Sergey85Rodchenkov won on time"]

1. e4 c5 2. Nf3 Nc6 3. d4 cxd4 4. Nxd4 e5 5. Nb5 d6 6. c4 Be6 7. N1c3 a6 8. Na3 Rc8 9. Be3 Nf6 10. Be2 Be7 11.
O-O O-O 12. f3 Ne8 13. Qd2 h6 14. g3 Bh3 15. Rfd1 f5 16. exf5 Bxf5 17. Nd5 Bg5 18. f4 exf4 19. gxf4 Bf6 20. Bf3 Kh8 21. Rac1 Bh7 22. Kh1 Ne7 23. Nb6 Rb8 24. c5 d5 25.
Nxd5 Nxd5 26. Bxd5 Qe7 27. Bg2 Nc7 28. Nc4 Rbe8 29.
Re1 Be4 30. Nd6 Bxg2+ 31. Qxg2 Rd8 32. b4 Qd7 33. Rcd1 Qa4 34. Bd4 Bxd4 35. Rxd4 Nb5 36. Nf7+ Rxf7 37. Rxd8+ Kh7 38. Qe4+ 1-0

[Event "Early-Titled-Tuesday-Blitz-October-03-2023"]
[Site "Chess.com"]
[Date "2023.10.03"]
[Round "4"]
[White "Zq1"]
[Black "Markov_Mikhail"]
[Result "0-1"]
[WhiteElo "2516"]
[BlackElo "2718"]
[TimeControl "180+1"]
[EndTime "8:39:47 PDT"]
[Termination "Markov_Mikhail won by resignation"]

1. d4 Nf6 2. c4 e6 3. Nf3 d5 4. e3 Be7 5. Nc3 O-O 6. Bd3 Nbd7 7. O-O dxc4 8. Bxc4 a6 9. a4 c5 10. Qe2 b6 11. d5 exd5 12. Nxd5 Bb7 13. Nxe7+ Qxe7 14. b3 Ng4 15. Bb2 Nge5 16. Nxe5 Nxe5 17. Bxe5 Qxe5 18.
Rad1 Qg5 19. e4 Rfe8 20. f3 Re7 21. Rd2 a5 22. Rfd1 h5 23. Bd5 Bxd5 24. Rxd5 Re5 25. Qd2 Qf6 26. Rd8+ Rxd8 27. Qxd8+ Qxd8 28. Rxd8+ Kh7 29.
Rd6 Re6 30. Rxe6 fxe6 31. Kf2 Kg6 32. f4 Kf6 33. Ke3 e5 34. g3 Ke6 35. f5+ Kf6 36.
Kd3 Kg5 37. h3 h4 38. g4 Kf4 39. Kc4 Kxe4 40. Kb5 Kf4 41. Kxb6 e4 0-1

[Event "Early-Titled-Tuesday-Blitz-October-03-2023"]
[Site "Chess.com"]
[Date "2023.10.03"]
[Round "4"]
[White "arenal72"]
[Black "Malysch"]
[Result "1-0"]
[WhiteElo "2381"]
[BlackElo "2547"]
[TimeControl "180+1"]
[EndTime "8:39:47 PDT"]
[Termination "arenal72 won on time"]

1. e4 Nf6 2. Nc3 d5 3. e5 Nfd7 4. d4 c5 5. f4 cxd4 6. Qxd4 e6 7. Nf3 Nc6 8. Qd2 a6 9. a3 b5 10. Qf2 Bc5 11. Be3 Qb6 12. Bxc5 Nxc5 13. Bd3 b4 14. axb4 Nxb4 15. O-O Rb8 16. Rfd1 Bd7 17. Nd4 h6 18. Rab1 O-O 19. Bf1 Rfc8 20. Kh1 a5 21. f5 Ne4 22.
Nxe4 dxe4 23. c3 Nd5 24. f6 Nxc3 25. bxc3 Qxb1 26. Rxb1 Rxb1 27. h3 Rxc3 28. Kh2 g5 29.
Qd2 Rc7 30. Qxa5 Rc8 31. Be2 Rb2 32. Qa3 Rd2 33. Qe3 Rb2 34. h4 Kh7 35. hxg5 Rg8 36. Qxe4+ Kh8 37. Bd3 Rg6 38. Nf3 1-0

[Event "Early-Titled-Tuesday-Blitz-October-03-2023"]
[Site "Chess.com"]
[Date "2023.10.03"]
[Round "4"]
[White "BardArtem"]
[Black "Antik5"]
[Result "1-0"]
[WhiteElo "2765"]
[BlackElo "2498"]
[TimeControl "180+1"]
[EndTime "8:39:49 PDT"]
[Termination "BardArtem won by checkmate"]

1. e4 c5 2. c3 d5 3. exd5 Qxd5 4. d4 Nf6 5. Nf3 e6 6. Na3 Qd8 7. Be3 cxd4 8. Nxd4 Be7 9. Ndb5 Nc6 10. Qxd8+ Kxd8 11. O-O-O+ Bd7 12. Nc4 Ng4 13. Nbd6 Nxe3 14. Nxf7+ Kc7 15. fxe3 Rhf8 16. Nfd6 Rab8 17. Nb5+ Kc8 18. Be2 Bc5 19. Rhf1 Rf6 20. b4 Be7 21. Rxf6 gxf6 22. Nxa7+ Nxa7 23. Nb6+ Kc7 24. Rxd7+ Kxb6 25. Rxe7 e5 26. a4 Nc6 27.
a5+ Ka7 28. Rxh7 Rg8 29. Bf3 Ka8 30. Bxc6 bxc6 31. g3 Rg4 32. Kc2 f5 33. Kb3 f4 34.
exf4 exf4 35. gxf4 Rxf4 36. c4 Rf3+ 37. Ka4 Rf4 38.
c5 Rf3 39. a6 Rf2 40. Ka5 Rf4 41. Rc7 Kb8 42. Rxc6 Rh4 43. b5 Rxh2 44. Kb6 Rh7 45.
a7+ Ka8 46. Rc8# 1-0

[Event "Early-Titled-Tuesday-Blitz-October-03-2023"]
[Site "Chess.com"]
[Date "2023.10.03"]
[Round "4"]
[White "deribas12345"]
[Black "esrosenberg"]
[Result "1-0"]
[WhiteElo "2562"]
[BlackElo "2365"]
[TimeControl "180+1"]
[EndTime "8:39:51 PDT"]
[Termination "deribas12345 won by resignation"]

1. d4 d5 2. c4 e6 3. Nc3 c5 4. e3 Nf6 5. Nf3 a6 6. cxd5 exd5 7.
Be2 Be7 8. dxc5 Bxc5 9. O-O O-O 10. b3 Nc6 11. Bb2 Be6 12. Rc1 Ba7 13. Na4 Rc8 14.
Nc5 Qe7 15. Nxe6 fxe6 16. Nd4 Nxd4 17. Bxd4 Bb8 18. Rxc8 Rxc8 19. g3 e5 20. Bb2 Qe6 21. Bf3 g6 22. Qe2 h5 23. Rd1 Rd8 24. Bg2 Ba7 25. h3 b5 26. Qc2 Kg7 27. Qc7+ Rd7 28. Qxe5 Qxe5 29. Bxe5 Kf7 30. Bxf6 Kxf6 31. Rxd5 Rxd5 32.
Bxd5 a5 33. Kf1 a4 34. bxa4 bxa4 35. Ke2 a3 36. f4 g5 37. h4 gxh4 38. gxh4 Kf5 39.
Bf3 Kg6 40. e4 Bb6 41. Bg2 Bd8 42. e5 Bxh4 43. Be4+ Kf7 44. Ke3 Be1 45. f5 h4 46.
Bd5+ Ke7 47. f6+ Kf8 48. Bg2 Kf7 49. Ke4 Bc3 50. Kf5 Kf8 51. e6 Bb4 52. Kg5 Be1 53. e7+ Kf7 54. Bd5+ 1-0

[Event "Early-Titled-Tuesday-Blitz-October-03-2023"]
[Site "Chess.com"]
[Date "2023.10.03"]
[Round "4"]
[White "ama18"]
[Black "ODreamchess"]
[Result "0-1"]
[WhiteElo "2539"]
[BlackElo "2765"]
[TimeControl "180+1"]
[EndTime "8:39:52 PDT"]
[Termination "ODreamchess won by resignation"]

1. e4 c6 2. d4 d5 3. e5 Bf5 4. h4 h5 5. Bg5 Qb6 6. Bd3 Bxd3 7.
Qxd3 Qa6 8. Qh3 e6 9. Nc3 Nd7 10. Nf3 Ne7 11. Bxe7 Bxe7 12. Qg3 g6 13. Qf4 b5 14.
O-O Qc8 15. a4 b4 16. Nd1 c5 17. dxc5 Qxc5 18. c3 a5 19. cxb4 Qxb4 20. Qxb4 Bxb4 21. Ne3 Ke7 22. Nc2 Rhb8 23. Ncd4 Rc8 24. Rac1 Nc5 25. b3 Nd3 26. Rcd1 Rc3 27. Nb5 Rac8 28. Nxc3 Rxc3 29.
Rb1 Bc5 30. g3 Kd7 31. Kg2 Kc6 32. Ne1 Nxe5 33. f3 d4 34. Rd1 Kd5 35. Kh1 Rxb3 36.
Rd2 Nc4 37. Rd3 Rb1 38. Rf2 Rxe1+ 39. Kh2 e5 40. Rc2 Re3 41. Rxe3 Nxe3 42. Re2 d3 43. Rd2 Kd4 0-1

[Event "Early-Titled-Tuesday-Blitz-October-03-2023"]
[Site "Chess.com"]
[Date "2023.10.03"]
[Round "4"]
[White "gtnamfrq"]
[Black "tetrix83"]
[Result "0-1"]
[WhiteElo "2415"]
[BlackElo "2613"]
[TimeControl "180+1"]
[EndTime "8:39:52 PDT"]
[Termination "tetrix83 won by resignation"]

1. e4 c5 2. Nf3 e6 3. d4 cxd4 4. Nxd4 a6 5. Bd3 Qc7 6. O-O Nf6 7. Qe2 d6 8. c4 Nbd7 9. Nc3 Ne5 10. f4 Nxd3 11.
Qxd3 Be7 12. b3 b6 13. Bb2 O-O 14. Rae1 Bb7 15. Nf3 Rad8 16. Qe2 Nd7 17. Kh1 Nc5 18. f5 Bf6 19. b4 Bxc3 20. bxc5 Bxb2 21. cxd6 Rxd6 22.
Qxb2 Qxc4 23. f6 Bxe4 24. Qe5 Bd3 25. Qxd6 Bxf1 26. Nd2 Qd3 27. Qf4 Bxg2+ 28. Kxg2 Qg6+ 29. Kf2 Qxf6 30. Qxf6 gxf6 31. Rg1+ Kh8 32. Ne4 f5 33.
Nd6 h6 34. Ke3 Kh7 35. Kf4 f6 36. Rc1 Kg6 37. Rg1+ Kh5 38. Rg7 Rd8 39. Nf7 Rd4+ 40. Ke3 Rg4 41. Rxg4 fxg4 42. Nd6 Kh4 43. Ne4 f5 44.
Nf2 e5 45. Nd3 f4+ 46. Ke2 Kh3 47. Nxe5 h5 48. Kf2 Kxh2 49. Ng6 g3+ 50. Kf3 g2 51.
Nxf4 0-1

[Event "Early-Titled-Tuesday-Blitz-October-03-2023"]
[Site "Chess.com"]
[Date "2023.10.03"]
[Round "4"]
[White "AttilaTurzo"]
[Black "Mihajlovskij"]
[Result "1-0"]
[WhiteElo "2471"]
[BlackElo "2284"]
[TimeControl "180+1"]
[EndTime "8:39:52 PDT"]
[Termination "AttilaTurzo won on time"]

1. d4 Nf6 2. Nf3 g6 3. Bf4 Bg7 4. e3 d6 5. h3 c5 6. c3 Qb6 7. Qb3 Be6 8. Qxb6 axb6 9. Na3 O-O 10. Bb5 Nd5 11. Bg3 Nc7 12. Be2 Nc6 13. O-O Ra5 14.
Ng5 Bd7 15. Nc4 Ra6 16. Nd2 b5 17. a3 e5 18. dxc5 dxc5 19. Nge4 b6 20. Nd6 Ne7 21. Rad1 f5 22. Nf3 f4 23. exf4 exf4 24. Bh2 Bc6 25. Ng5 h6 26. Nge4 Ra5 27. Bf3 Kh8 28. Rfe1 Nf5 29. Nxf5 Rxf5 30. Rd6 Bd5 31. Rxg6 Ra4 32. Nd6 Rf8 33. Bxd5 Nxd5 34. Nxb5 Kh7 35. Rd6 Rf5 36. Rd7 Nf6 37. Rf7 Kg6 38. Rb7 f3 39. gxf3 Rxf3 40.
Kg2 Rf5 41. Re5 Rxe5 42. Bxe5 1-0

[Event "Early-Titled-Tuesday-Blitz-October-03-2023"]
[Site "Chess.com"]
[Date "2023.10.03"]
[Round "4"]
[White "Polish_fighter3000"]
[Black "Ergali_Suleimen"]
[Result "0-1"]
[WhiteElo "3071"]
[BlackElo "2653"]
[TimeControl "180+1"]
[EndTime "8:39:53 PDT"]
[Termination "Ergali_Suleimen won on time"]

1. g4 d5 2. Bg2 e6 3. d4 Ne7 4.
h4 c5 5. e3 Nbc6 6. h5 e5 7.
dxc5 Qa5+ 8. Bd2 Qxc5 9. Nc3 Be6 10. Nh3 f6 11. f4 O-O-O 12. f5 Bf7 13. Nf2 Kb8 14. Qe2 h6 15. O-O d4 16. Nce4 Qb6 17.
c4 dxe3 18. Bxe3 Nd4 19. Bxd4 Rxd4 20. Rfc1 Nc6 21. b4 Qxb4 22. Rab1 Rxc4 23. Rd1 Nd4 24. Qe3 Qa3 25. Qxa3 Bxa3 26. Nd6 Bxd6 27. Rxb7+ Kc8 28. Rxf7 Rc7 29. Ne4 Rd8 30. Rxc7+ Bxc7 31. Kf1 Nc2 32. Rxd8+ Kxd8 33. Ke2 Nd4+ 34. Kd3 Bb6 35. Bf1 Nf3 36. Be2 Nd4 37. Bd1 Ke7 38. Bb3 Nf3 39. Kc4 Nh2 40.
Bd1 Nf1 41. Be2 Ne3+ 42. Kb5 Nd5 0-1

[Event "Early-Titled-Tuesday-Blitz-October-03-2023"]
[Site "Chess.com"]
[Date "2023.10.03"]
[Round "4"]
[White "brm72"]
[Black "Fradi82"]
[Result "1-0"]
[WhiteElo "2504"]
[BlackElo "2323"]
[TimeControl "180+1"]
[EndTime "8:39:54 PDT"]
[Termination "brm72 won by checkmate"]

1. e4 c5 2. Nf3 Nc6 3. Bb5 e6 4.
Bxc6 bxc6 5. O-O Ne7 6. d3 Ng6 7. Re1 e5 8. a4 d6 9. Na3 Be7 10. Nc4 Be6 11. c3 O-O 12. a5 f6 13. b3 d5 14.
Ncd2 Rb8 15. d4 cxd4 16. cxd4 Bg4 17. h3 Bd7 18. Ba3 Bxa3 19. Rxa3 exd4 20. Nxd4 c5 21. N4f3 d4 22. Qc2 Qe7 23. Nc4 Ne5 24. Raa1 Nxf3+ 25. gxf3 Bxh3 26. f4 f5 27. Ne5 Qh4 28.
Qd3 fxe4 29. Qg3 Qxg3+ 30. fxg3 Bf5 31. g4 Bg6 32. Nd7 Rbe8 33. Nxf8 Kxf8 34. Rac1 Bf7 35.
Rxc5 Bxb3 36. Kf2 d3 37. Ke3 Ba4 38. Rc4 Bc2 39. Kd2 Kf7 40. Rcxe4 Rb8 41. Re7+ Kg6 42. R1e6# 1-0

[Event "Early-Titled-Tuesday-Blitz-October-03-2023"]
[Site "Chess.com"]
[Date "2023.10.03"]
[Round "4"]
[White "Kotofeyca"]
[Black "DanielTitichoca"]
[Result "1-0"]
[WhiteElo "2396"]
[BlackElo "2593"]
[TimeControl "180+1"]
[EndTime "8:39:55 PDT"]
[Termination "Kotofeyca won on time"]

1. d4 Nf6 2. c4 e6 3. Nf3 Bb4+ 4. Nbd2 O-O 5. a3 Be7 6. e4 d6 7. Be2 Nbd7 8. O-O e5 9. b4 a5 10. Bb2 exd4 11. Nxd4 Re8 12. Re1 Bf8 13. Bf1 c6 14. N4b3 a4 15. Nd4 Ne5 16. Qc2 Ng6 17. Qc3 Bd7 18.
Qg3 d5 19. exd5 cxd5 20. c5 h5 21. Qg5 Be7 22. Nf5 Bxf5 23. Qxf5 h4 24. Bb5 Rf8 25.
Nf3 b6 26. c6 Bd6 27. Bd3 Rc8 28. b5 Bc5 29. Nd4 Qd6 30. Qg5 Qf4 31. Qxf4 Nxf4 32.
Bf5 Rc7 33. g3 Ng6 34. Bxg6 fxg6 35. Ne6 Ne4 36. Nxc7 Rxf2 37. Ne6 hxg3 38. hxg3 Ng5 39. Nxc5 Nh3+ 40. Kh1 1-0

[Event "Early-Titled-Tuesday-Blitz-October-03-2023"]
[Site "Chess.com"]
[Date "2023.10.03"]
[Round "4"]
[White "Kyrie-Eleven"]
[Black "TedBelanoff"]
[Result "1-0"]
[WhiteElo "2313"]
[BlackElo "2161"]
[TimeControl "180+1"]
[EndTime "8:39:55 PDT"]
[Termination "Kyrie-Eleven won on time"]

1. d4 g6 2. c4 Bg7 3. Nc3 e6 4. e4 c6 5. Be3 d5 6. cxd5 cxd5 7. e5 Nc6 8. f4 Nge7 9. Nf3 Nf5 10. Bf2 Qb6 11. g4 Qxb2 12. Rc1 Nfe7 13. Bb5 O-O 14.
O-O a6 15. Bd3 Qa3 16. f5 exf5 17. gxf5 Bxf5 18. Bxf5 Nxf5 19. Nxd5 Qxa2 20. Nc3 Qa5 21. Qb3 Qd8 22. Rfd1 Na5 23. Qa2 b5 24. Ne4 Nc4 25. Rxc4 bxc4 26. Qxc4 Nh4 27. Ne1 Nf5 28. Nf3 h6 29. d5 Rc8 30. Qxa6 g5 31. Qd3 Ne7 32. Nd6 Ng6 33. Nxc8 Qxc8 34. Bg3 Qg4 35. Rf1 Nf4 36. Qd1 Nh3+ 37. Kh1 Qh5 38. Nd4 g4 39. Rf5 Qg6 40. Qf1 Rd8 41. d6 f6 42. Nc6 Qf7 43. Nxd8 Qd5+ 44. Qg2 Qd1+ 45. Rf1 Qd5 46. Qxd5+ 1-0

[Event "Early-Titled-Tuesday-Blitz-October-03-2023"]
[Site "Chess.com"]
[Date "2023.10.03"]
[Round "4"]
[White "arminmusovic"]
[Black "RianKapriaga"]
[Result "1-0"]
[WhiteElo "2512"]
[BlackElo "2337"]
[TimeControl "180+1"]
[EndTime "8:39:57 PDT"]
[Termination "arminmusovic won on time"]

1. a3 d5 2. Nc3 Nf6 3. d3 e5 4. Bg5 Be7 5. e4 c6 6. f4 exf4 7. Bxf4 dxe4 8. dxe4 O-O 9. Nf3 Bg4 10. Qxd8 Rxd8 11.
h3 Bh5 12. Bd3 Nbd7 13. O-O-O Nc5 14. g4 Bg6 15. Rhe1 a5 16. Bc7 Rd7 17. Bb6 Nxd3+ 18. Rxd3 Rxd3 19. cxd3 Nd7 20. Bc7 Bd8 21. Bxd8 Rxd8 22.
d4 f6 23. b3 Nf8 24. d5 Bf7 25.
Kb2 cxd5 26. exd5 Rd7 27. Rd1 Ng6 28. Rd4 Ne5 29. Nxe5 fxe5 30. Re4 Bxd5 31. Rxe5 Bc6 32. b4 Rd2+ 33. Kb3 axb4 34. axb4 Rd3 35. b5 Bg2 36. h4 Rd4 37. g5 Rxh4 38. Na4 h6 39. Nc5 hxg5 40.
Rxg5 Bf3 41. Kc3 Kh7 42. Ne6 Rg4 43. Rf5 Be4 44. Re5 g6 45. Rxe4 1-0

[Event "Early-Titled-Tuesday-Blitz-October-03-2023"]
[Site "Chess.com"]
[Date "2023.10.03"]
[Round "4"]
[White "ChessLover0108"]
[Black "AlexPapasimakopoulos"]
[Result "1-0"]
[WhiteElo "2918"]
[BlackElo "2713"]
[TimeControl "180+1"]
[EndTime "8:39:59 PDT"]
[Termination "ChessLover0108 won by resignation"]

1. Nf3 g6 2. c4 Bg7 3. d4 c5 4. d5 Nf6 5. Nc3 d6 6. e4 e6 7. h3 O-O 8. Bd3 exd5 9. exd5 Re8+ 10.
Kf1 a6 11. a4 Nfd7 12. g3 Ne5 13. Nxe5 Bxe5 14. Kg2 Nd7 15. Ne4 Nf6 16. Ng5 Nh5 17. Ra2 Bd7 18. a5 Rb8 19. b3 b5 20. axb6 Rxb6 21.
Re2 Bf6 22. Nxh7 Kxh7 23. Rxe8 Qxe8 24. Qxh5+ Kg8 25. Qf3 Bd4 26. Bc2 Qe5 27. h4 Bf5 28. Bf4 Qe7 29. Bxf5 gxf5 30. Qh5 Qe4+ 31. f3 Qe2+ 32.
Kh3 Rxb3 33. Qg5+ Bg7 34. Qxf5 Qxf3 35. Re1 Qd3 36. Re8+ Bf8 37. Qg5+ Qg6 38. Qxg6+ fxg6 39. Bxd6 Rf3 40. Ra8 Kg7 41. Bxf8+ Rxf8 42. Rxa6 Rf6 43. Rxf6 Kxf6 44. g4 Ke5 45. h5 1-0

[Event "Early-Titled-Tuesday-Blitz-October-03-2023"]
[Site "Chess.com"]
[Date "2023.10.03"]
[Round "4"]
[White "CrushingKings"]
[Black "Roman_Ovetchkin"]
[Result "0-1"]
[WhiteElo "2515"]
[BlackElo "2704"]
[TimeControl "180+1"]
[EndTime "8:39:59 PDT"]
[Termination "Roman_Ovetchkin won on time"]

1. Nf3 d5 2. g3 Bg4 3. Bg2 Nd7 4. d4 c6 5. O-O e6 6. b3 Ngf6 7. Bb2 Be7 8. c4 O-O 9. Nc3 h6 10. Re1 Bb4 11. a3 Ba5 12. Nd2 Re8 13. f4 c5 14.
dxc5 Bxc3 15. Bxc3 Nxc5 16. b4 d4 17. Bb2 Nd3 18.
exd3 Bxd1 19. Raxd1 a5 20. c5 axb4 21. axb4 Ra2 22.
Nc4 b5 23. cxb6 Nd5 24. Bxd4 Nxb4 25. Be5 Rxg2+ 26. Kxg2 Qd5+ 27. Kg1 f6 28. Bc7 Ra8 29.
Ne3 Qf3 30. Rd2 Qb7 31. d4 Na6 32. Rc1 Rc8 33. Rdc2 Qe4 34. Kf2 Qxd4 35. b7 Re8 36.
Rd2 Qa7 37. Rb1 Nxc7 38. Rc2 Qb8 39. Nc4 Nd5 40. Na5 Ne7 41. Kg2 Kh7 42. Rb6 Nd5 43. Rb5 Ne7 0-1

[Event "Early-Titled-Tuesday-Blitz-October-03-2023"]
[Site "Chess.com"]
[Date "2023.10.03"]
[Round "4"]
[White "Aariow"]
[Black "sonicdravise"]
[Result "0-1"]
[WhiteElo "2501"]
[BlackElo "2665"]
[TimeControl "180+1"]
[EndTime "8:39:59 PDT"]
[Termination "sonicdravise won on time"]

1. Nf3 c5 2. e3 Nc6 3. b3 e5 4. Bb2 d6 5. Bb5 Nf6 6. O-O Be7 7. d4 e4 8. Nfd2 cxd4 9. exd4 d5 10. c4 a6 11. Ba4 O-O 12. cxd5 Qxd5 13. Nc3 Qxd4 14. Bxc6 bxc6 15. Ndxe4 Qxd1 16. Raxd1 Be6 17. Ng5 Bf5 18. Na4 Rad8 19. Rc1 Rd2 20. Nf3 Rc2 21. Nd4 Rxc1 22. Rxc1 Be4 23. f3 Bd5 24. Nxc6 Bd6 25. Nb6 Bf4 26. Ne7+ Kh8 27. Re1 Be6 28. g3 Bd6 29.
Bxf6 gxf6 30. Ned5 Bc5+ 31. Kg2 Rb8 32. Na4 Bd4 33.
Nf4 Bd7 34. Rd1 Bxa4 35. Rxd4 Bb5 36. Nd5 Rd8 37. f4 Bc6 38. Kf2 Rxd5 39. Ra4 Bxa4 0-1

[Event "Early-Titled-Tuesday-Blitz-October-03-2023"]
[Site "Chess.com"]
[Date "2023.10.03"]
[Round "4"]
[White "juancruzarias"]
[Black "slorovel"]
[Result "0-1"]
[WhiteElo "2628"]
[BlackElo "2486"]
[TimeControl "180+1"]
[EndTime "8:39:59 PDT"]
[Termination "slorovel won on time"]

1. d4 Nf6 2. Nd2 d5 3. Ngf3 c5 4. e3 Nc6 5. dxc5 e5 6. a3 Bxc5 7. b4 Bd6 8. Bb2 e4 9. Nd4 O-O 10. c4 Nxd4 11. Bxd4 Be6 12. Be2 a5 13. c5 Bc7 14. h3 b6 15. Nb3 a4 16. Nd2 bxc5 17. bxc5 Nd7 18. O-O Qg5 19. Kh1 Qh4 20.
Kg1 Nf6 21. f4 exf3 22. Rxf3 Ne4 23. Nf1 f5 24. Rb1 f4 25. Rb7 Rac8 26. Qa1 fxe3 27. Bxe3 Rxf3 28. Bxf3 Ng5 29. Bxg5 Qxg5 30. Qd4 Be5 31. Qd3 Rxc5 32. Ra7 g6 33. Rxa4 Rc3 34. Qd1 Rc1 35. Qd3 d4 36. Ra6 Bc4 37. Qxc4+ Rxc4 38. Bd5+ Kg7 39. Bxc4 Qc1 40. Bd3 Qc3 41. Ra7+ Kh6 42. Be4 d3 43. Rd7 Bd4+ 44. Kh2 d2 45.
Bf3 Qxf3 46. gxf3 d1=Q 0-1

[Event "Early-Titled-Tuesday-Blitz-October-03-2023"]
[Site "Chess.com"]
[Date "2023.10.03"]
[Round "4"]
[White "Susal_De_Silva"]
[Black "colegiodemadrid"]
[Result "0-1"]
[WhiteElo "2679"]
[BlackElo "2414"]
[TimeControl "180+1"]
[EndTime "8:39:59 PDT"]
[Termination "colegiodemadrid won by resignation"]

1. d4 Nf6 2. c4 g6 3. g3 Bg7 4. Bg2 O-O 5. Nf3 d6 6. O-O Nc6 7. d5 Na5 8. Nbd2 c5 9. e4 a6 10. Rb1 b5 11. b3 Rb8 12. Qc2 Ng4 13. Bb2 Bxb2 14. Rxb2 e5 15. Ne1 h5 16. Nd3 h4 17.
h3 Nf6 18. g4 Re8 19. b4 cxb4 20. Nxb4 bxc4 21. Nxc4 Nxc4 22. Qxc4 Bd7 23. Rfb1 Bb5 24. Qc2 Rc8 25. Qd1 Qa5 26. a4 Bxa4 27. Qf3 Kg7 28. Qa3 Rc4 29. Nc6 Qc5 30. Qf3 Rc3 31. Qe2 Bxc6 32.
dxc6 Qxc6 33. Kh2 Rc8 34. Rb6 Qc5 35. R1b2 a5 36. R6b5 Qd4 37. Rxa5 Nh7 38. Rd5 Qa4 39. Rxd6 Ng5 40. Rb7 Qa3 41. Qf1 Qxd6 0-1

[Event "Early-Titled-Tuesday-Blitz-October-03-2023"]
[Site "Chess.com"]
[Date "2023.10.03"]
[Round "4"]
[White "AsaHoffmann"]
[Black "zajka-molotok"]
[Result "1-0"]
[WhiteElo "2385"]
[BlackElo "2572"]
[TimeControl "180+1"]
[EndTime "8:40:00 PDT"]
[Termination "AsaHoffmann won on time"]

1. d4 d5 2. Bg5 f6 3. Bf4 Nc6 4. Nf3 g5 5. Bg3 h5 6. h3 Bf5 7. e3 e6 8. c4 Nge7 9. Nc3 a6 10. Qb3 Na5 11. Qa4+ Nec6 12. c5 Qd7 13. b4 Nc4 14.
Bxc4 dxc4 15. b5 Ne7 16. Qxc4 axb5 17. Qxb5 c6 18. Qb3 Bd3 19. Kd2 Ba6 20. Rhd1 Nf5 21. Ke1 Nxg3 22. fxg3 g4 23. hxg4 hxg4 24. Nh4 Bh6 25. Ne4 O-O-O 26. Rab1 Qc7 27. Qb6 f5 28. Qxc7+ Kxc7 29. Nd6 Bxe3 30. Nf7 Bxd4 31. Nxh8 Bxh8 32. Rxd8 Kxd8 33. Ng6 Bc3+ 34. Kd1 Kc7 35. Nf4 e5 36.
Ne2 Ba5 37. Rb3 Bc4 38. Re3 e4 39. a3 Be6 40. Nd4 Bd7 41. Kc2 b6 42. Nb3 Kb7 43.
Nxa5+ bxa5 44. Kc3 Ka6 45. a4 Be6 46. Kd4 Kb7 47. Re1 1-0

[Event "Early-Titled-Tuesday-Blitz-October-03-2023"]
[Site "Chess.com"]
[Date "2023.10.03"]
[Round "4"]
[White "Gyulamiryan-koryun"]
[Black "NowInChess"]
[Result "0-1"]
[WhiteElo "1986"]
[BlackElo "2251"]
[TimeControl "180+1"]
[EndTime "8:40:00 PDT"]
[Termination "NowInChess won by checkmate"]

1. e4 e6 2. d4 d5 3. Nd2 h6 4. Ne2 Nf6 5. Ng3 c5 6. exd5 exd5 7. dxc5 Bxc5 8. Bb5+ Nc6 9. O-O O-O 10. c3 Be6 11.
Nf3 Qb6 12. Bd3 Ng4 13. Qe2 Rfe8 14. Qc2 a5 15. a3 a4 16. Bf4 Na5 17. h3 Nf6 18.
Ne5 Nb3 19. Rad1 d4 20. c4 Rad8 21. Bh7+ Nxh7 22. Ne4 Be7 23. Nd3 Nf6 24. Ng3 Rc8 25. Ne5 Qc5 26. Ne4 Nxe4 27. Qxe4 Bf6 28. Nd3 Qc6 29.
Qe2 Qxc4 30. Be5 Bxe5 31. Qxe5 Bxh3 32. Qg3 Be6 33. Ne5 Qd5 34. Nf3 d3 35. Nd2 Nxd2 36. Rxd2 Rcd8 37. Rfd1 Bf5 38. Qf4 Qe4 39. Qc7 Be6 40. f3 Qe3+ 41. Kf1 Rd7 42. Qg3 Bb3 43. Re1 Qxe1+ 44. Qxe1 Rxe1+ 45. Kxe1 Re7+ 46. Kf2 Bc4 47. g4 Re2+ 48. Rxe2 dxe2 49. Ke1 g6 50. Kd2 h5 51.
Ke1 h4 52. Kf2 h3 53. Ke1 h2 54. Kf2 h1=Q 55. f4 e1=Q# 0-1

[Event "Early-Titled-Tuesday-Blitz-October-03-2023"]
[Site "Chess.com"]
[Date "2023.10.03"]
[Round "4"]
[White "Kgutierrez95"]
[Black "Dr_crypt"]
[Result "1-0"]
[WhiteElo "2177"]
[BlackElo "2420"]
[TimeControl "180+1"]
[EndTime "8:40:01 PDT"]
[Termination "Kgutierrez95 won by resignation"]

1. e4 d5 2. exd5 Qxd5 3. Nc3 Qd6 4. d4 c6 5. Be2 Nf6 6. Nf3 Bg4 7. h3 Bxf3 8. Bxf3 Nbd7 9. Bd2 e6 10. Ne2 e5 11.
dxe5 Nxe5 12. Bf4 Nxf3+ 13. gxf3 Qxd1+ 14. Rxd1 Bc5 15. Bd6 Bxd6 16. Rxd6 Ke7 17. Rd3 Rad8 18. Re3+ Kd7 19. Nc3 Rhe8 20. O-O Kc7 21. Rxe8 Rxe8 22.
Rd1 Re5 23. Kg2 h5 24. f4 Ra5 25. a4 h4 26. Kf3 Rf5 27. Ke3 g6 28. Rd4 Nh5 29.
Re4 Kd7 30. Rd4+ Ke7 31. Rb4 b6 32. Rc4 Kd6 33. Rd4+ Kc7 34. Re4 Nf6 35. Re7+ Nd7 36. b4 Kd8 37. Re4 a6 38. Rd4 Kc7 39. Ne4 a5 40.
Nd6 Rd5 41. Rxd5 cxd5 42. Nxf7 axb4 43. Kd4 Kc6 44. Ne5+ Nxe5 45. fxe5 g5 46. f3 1-0

[Event "Early-Titled-Tuesday-Blitz-October-03-2023"]
[Site "Chess.com"]
[Date "2023.10.03"]
[Round "4"]
[White "AniJak"]
[Black "Doudou2015"]
[Result "1-0"]
[WhiteElo "2374"]
[BlackElo "2178"]
[TimeControl "180+1"]
[EndTime "8:40:01 PDT"]
[Termination "AniJak won by resignation"]

1. e4 c5 2. Nf3 Nc6 3. d4 cxd4 4. Nxd4 e5 5. Nb5 a6 6. Nd6+ Bxd6 7. Qxd6 Qf6 8. Qd2 Qg6 9. Nc3 Nge7 10. Qg5 d5 11.
exd5 Nb4 12. Qxg6 hxg6 13. d6 Nxc2+ 14. Kd2 Nxa1 15. dxe7 Kxe7 16. Nd5+ Kd8 17. Nb6 Rb8 18. b3 Bf5 19. Be2 Nc2 20. g4 Kc7 21. Nd5+ Kd6 22. gxf5 Kxd5 23. Kxc2 Rbc8+ 24. Bc4+ Ke4 25. Re1+ Kxf5 26.
Kb2 Rxh2 27. Be3 f6 28. Rd1 g5 29. Rd7 b5 30. Bd3+ Kg4 31. Rxg7 Rd8 32. Be2+ Kf5 33. Ra7 Rd6 34. Kc3 e4 35. Bc5 Rc6 36. Kb4 Ke6 37.
a4 bxa4 38. bxa4 Rxc5 39. Kxc5 Rxf2 40. Bxa6 g4 41. a5 g3 42. Rg7 g2 43. Bc4+ Ke5 44. a6 Rf3 45. Rxg2 Rc3 46. a7 Ra3 47. Ra2 Rxa2 48. Bxa2 e3 49. a8=Q e2 50. Qe8+ Kf4 51. Qxe2 f5 52. Qf1+ Kg5 53. Kd4 Kf6 54. Qf4 1-0

[Event "Early-Titled-Tuesday-Blitz-October-03-2023"]
[Site "Chess.com"]
[Date "2023.10.03"]
[Round "4"]
[White "bascheyaro"]
[Black "mortngabriel"]
[Result "1-0"]
[WhiteElo "2803"]
[BlackElo "2587"]
[TimeControl "180+1"]
[EndTime "8:40:03 PDT"]
[Termination "bascheyaro won on time"]

1. d4 Nf6 2. Nf3 e6 3. Bf4 d5 4.
c4 dxc4 5. Nc3 Bd6 6. Bg3 a6 7. a4 Bb4 8. e3 c5 9. dxc5 Qa5 10. Bxc4 Qxc5 11. Qd3 O-O 12. O-O Nc6 13. Ne4 Nxe4 14. Qxe4 Qf5 15. Qxf5 exf5 16. Rad1 Be7 17. Bd6 Re8 18.
Bxe7 Rxe7 19. Bd5 Bd7 20. Rd2 Rc8 21. Rfd1 Be8 22. g3 h6 23. Rc1 g6 24. b4 Kg7 25. a5 Rd8 26. Rc4 Red7 27. Bxc6 Rxd2 28.
Nxd2 Bxc6 29. Rd4 Rxd4 30. exd4 Kf6 31. Nb1 Ke6 32. Nc3 f4 33. Kf1 Kf5 34. Ke2 Kg4 35.
d5 Bd7 36. f3+ Kh3 37. Kf2 Kxh2 38. g4 Kh3 39. Ne4 h5 40. gxh5 gxh5 41. Nc5 Bc8 42. d6 1-0

[Event "Early-Titled-Tuesday-Blitz-October-03-2023"]
[Site "Chess.com"]
[Date "2023.10.03"]
[Round "4"]
[White "TregubovP"]
[Black "stepanosinovsky"]
[Result "1-0"]
[WhiteElo "2619"]
[BlackElo "2393"]
[TimeControl "180+1"]
[EndTime "8:40:03 PDT"]
[Termination "TregubovP won on time"]

1. e4 e5 2. Nf3 Nc6 3. Bc4 Nf6 4.
d3 Be7 5. Nc3 O-O 6. a3 d6 7.
O-O Bg4 8. h3 Bh5 9. g4 Nxg4 10.
hxg4 Bxg4 11. Be3 Kh8 12. Kg2 f5 13. Be6 Qe8 14. Bxf5 Rxf5 15. exf5 Qh5 16. Rh1 Qxf5 17. Ne4 Rf8 18. Ned2 d5 19. c3 e4 20. dxe4 dxe4 21.
Kf1 exf3 22. Qb1 Bh3+ 23. Ke1 Qg4 24. Qe4 Qg2 25. Rf1 Bd6 26. Kd1 Qh2 27. Re1 Rd8 28. Kc2 Rf8 29. Rh1 Qxh1 30. Rxh1 Bf5 31. Qxf5 Rxf5 32.
Rh3 Ne5 33. Bd4 Kg8 34. c4 b6 35. b4 g5 36. Rg3 h6 37. c5 bxc5 38. bxc5 Bf8 39.
Ne4 Kf7 40. Kc3 Ke6 41. Rh3 Kd5 42. Nd2 g4 43. Rh4 h5 44. Nf1 Be7 45. Ne3+ Ke4 46. Nxf5 1-0